 Dungeon Crawl Stone Soup version 0.28.0-53-g5a82cb258f (webtiles) character file.

Game seed: 15399834664967268361

474 Peloso the Covered (level 6, -2/56 HPs)
             Began as a Minotaur Fighter on June 30, 2022.
             Slain by an iguana (5 damage)
             ... on level 5 of the Dungeon.
             The game lasted 00:05:15 (3450 turns).

Peloso the Covered (Minotaur Fighter)               Turns: 3450, Time: 00:05:15

Health: -2/56      AC:  3    Str: 20    XL:     6   Next: 84%
Magic:  5/5        EV:  9    Int:  5    God:
Gold:   160        SH:  5    Dex: 12    Spells: 5/5 levels left

rFire   . . .      SeeInvis .   a - +0 long sword
rCold   . . .      Faith    .   c - +0 buckler
rNeg    . . .      Spirit   .   p - +4 scale mail
rPois   .          Reflect  .   (helmet restricted)
rElec   .          Harm     .   (no cloak)
rCorr   .          Rampage  .   (no gloves)
Will    +....                   (no boots)
Stlth   ..........              (no amulet)
HPRegen 0.18/turn               f - ring of willpower
MPRegen 0.09/turn               (no ring)

@: corroded
A: horns 2, retaliatory headbutt
a: no special abilities


You were on level 5 of the Dungeon.
You visited 1 branch of the dungeon, and saw 5 of its levels.

You collected 160 gold pieces.

Inventory:

Hand Weapons
 a - a +0 long sword (weapon)
 r - a +1 hunting sling of flaming
Missiles
 s - 33 sling bullets
Armour
 b - a +0 plate armour
 c - a +0 buckler (worn)
 p - a +4 scale mail (worn)
Jewellery
 f - a ring of willpower (left hand)
 t - an amulet of the acrobat
 w - an amulet of faith
Wands
 v - a wand of mindburst (17)
Scrolls
 k - a scroll of magic mapping {unknown}
 n - a scroll of teleportation {unknown}
 q - a scroll of fear
 u - a scroll of identify {unknown}
Potions
 d - a potion of might
 g - a potion of heal wounds
 h - a potion of mutation {unknown}
 i - a potion of ambrosia {unknown}
 l - a potion of lignification {unknown}
 m - a potion of resistance {unknown}
 o - 2 potions of magic
 x - 2 potions of curing {unknown}


   Skills:
 + Level 5.3 Fighting
 + Level 5.6 Long Blades
 + Level 0.1 Throwing
 + Level 5.8 Armour
 + Level 1.1 Dodging
 + Level 4.5 Shields


You had 5 spell levels left.
You didn't know any spells.
Your spell library contained the following spells:

 Spells                   Type           Power      Damage    Failure   Level
 Foxfire                  Conj/Fire      0%         2x1d4     88%         1
 Magic Dart               Conj           0%         1d3       88%         1
 Call Imp                 Summ           0%         N/A       95%         2
 Sublimation of Blood     Necr           0%         N/A       95%         2
 Wereblood                Tmut           0%         N/A       95%         2
 Conjure Flame            Conj/Fire      0%         6-21      99%         3
 Inner Flame              Hex/Fire       0%         N/A       99%         3
 Mephitic Cloud           Conj/Pois/Air  0%         N/A       99%         3
 Flame Wave               Conj/Fire      0%         2d4       100%        4
 Summon Hydra             Summ           0%         N/A       100%        7


Dungeon Overview and Level Annotations

Branches:
Dungeon (5/15)
 Temple: D:4-7

Altars:
Uskayaw


Innate Abilities, Weirdness & Mutations

You have a pair of horns on your head.
You reflexively headbutt those who attack you in melee.


Message History

The jelly is moderately wounded.
The jelly hits you but does no damage.
You hit the jelly but do no damage.
Your hands burn!
* * * LOW HITPOINT WARNING * * *
The jelly is moderately wounded.
The jelly hits you but does no damage.
You slash the jelly! The acid corrodes you!
Your hands burn!
* * * LOW HITPOINT WARNING * * *
You headbutt the jelly.
The jelly is almost dead.
The jelly barely misses you. The jelly hits you.
* * * LOW HITPOINT WARNING * * *
You are splashed with acid!
* * * LOW HITPOINT WARNING * * *
It was a potion of magic.
Magic courses through your body. The jelly barely misses you.
It was a potion of heal wounds.
You feel much better. The jelly closely misses you.
You hit the jelly but do no damage.
Your hands burn!
The jelly is almost dead.
The jelly closely misses you.
You hit the jelly.
Your hands burn!
You headbutt the jelly.
The jelly is almost dead.
The jelly barely misses you.
You hit the jelly.
You kill the jelly!
You hear the slow rusting of a drain very nearby.
An iguana comes into view.
You hit the iguana but do no damage. The iguana bites you!
* * * LOW HITPOINT WARNING * * *
The iguana bites you.
* * * LOW HITPOINT WARNING * * *
You slash the iguana!
The iguana is severely wounded.
The iguana bites you!
* * * LOW HITPOINT WARNING * * *
You closely miss the iguana.
The iguana is severely wounded.
The iguana bites you.
You die...

### #.. #.# # #.# #.
########l# ######
#..#.......@# #.....
#....##....# #####<
#.##..####.# #.. # ##.##
### ####... #..######
#####....##
##...<..#####..(....#
#....###......#.###.##
≈≈≈≈≈#.. #...##.#.###.###
≈###≈##.##.#............###


You could see an iguana.

Vanquished Creatures
  An ogre (D:4)
  A phantom (D:5)
  A scorpion (D:2)
  A jelly (D:5)
  A hound (D:5)
  Terence (D:3)
  8 adders
  3 worms
  3 dart slugs
  An orc (D:4)
  7 endoplasms
  4 giant cockroaches
  9 goblins
  5 hobgoblins
  9 jackals
  A quokka (D:4)
  8 ball pythons
  4 bats
  4 frilled lizards
  6 kobolds
  8 rats
86 creatures vanquished.

Notes
Turn   | Place    | Note
-------+----------+-------------------------------------------
     0 | D:1      | Peloso the Minotaur Fighter began the quest for the Orb.
     0 | D:1      | Reached XP level 1. HP: 19/19 MP: 0/0
    77 | D:1      | Reached XP level 2. HP: 9/27 MP: 1/1
   558 | D:1      | Reached XP level 3. HP: 31/33 MP: 2/2
   629 | D:1      | Found a faded altar of an unknown god.
  1148 | D:2      | Reached XP level 4. HP: 41/41 MP: 3/3
  1553 | D:2      | Noticed a scorpion
  1560 | D:2      | Killed a scorpion
  1561 | D:2      | Reached skill level 5 in Armour
  1561 | D:2      | Reached XP level 5. HP: 24/47 MP: 4/4
  2058 | D:3      | Noticed a +0 spear
  2059 | D:3      | Noticed a +0 falchion
  2059 | D:3      | Noticed a +0 falchion
  2059 | D:3      | Noticed a +0 dagger
  2059 | D:3      | Noticed a +0 short sword
  2059 | D:3      | Noticed a +0 spear
  2060 | D:3      | Noticed a +0 short sword
  2061 | D:3      | Noticed a +0 dagger
  2097 | D:3      | Found a hide-covered altar of Uskayaw.
  2520 | D:3      | Noticed Terence
  2528 | D:3      | Killed Terence
  2933 | D:4      | Noticed an ogre
  2942 | D:4      | Killed an ogre
  2943 | D:4      | Reached skill level 1 in Dodging
  2943 | D:4      | Reached XP level 6. HP: 55/55 MP: 5/5
  3162 | D:4      | Reached skill level 5 in Long Blades
  3396 | D:5      | Entered Level 5 of the Dungeon
  3410 | D:5      | Reached skill level 5 in Fighting
  3450 | D:5      | Slain by an iguana

Illustrated notes

Levels and vault maps discovered:
D:1:      dpeg_arrival_signposts, layout_rooms, ebering_ecumenical_altar_rust
D:2:      layout_loops_corners, nrook_loot_triangle
D:3:      layout_basic, nicolae_uskayaw_en_pointe, uniq_terence
D:4:      layout_loops_ring
D:5:      layout_rooms, kennysheep_mini_moat, gup_sewer_entry_spiral

Skill      XL: |  1  2  3  4  5  6 |
---------------+-------------------+-----
Fighting       | 4 5 |  5.3
Armour         | 4 5 |  5.8
Shields        | 4 |  4.5
Long Blades    | 3 4 5 |  5.6
Dodging        | 1 |  1.1
Throwing       | |  0.1

Action                   |  1- 3 |  4- 6 || total
-------------------------+-------+-------++-------
Melee: Long sword        |    75 |   122 ||   197
       Headbutt          |     9 |    23 ||    32
Throw: Throwing net      |       |     1 ||     1
  Use: Scroll            |       |     3 ||     3
       Potion            |       |     2 ||     2
Armor: Scale mail        |    38 |    53 ||    91
Dodge: Dodged            |    25 |    50 ||    75
Block: Buckler           |    13 |    24 ||    37
